 Dungeon Crawl Stone Soup version 0.29.0-11-gd7f09526c8 (webtiles) character file.

Game seed: 17173490781499968515

36 Lochraine the Digger (level 3, -6/19 HPs)
             Began as a Gargoyle Earth Elementalist on Sept 6, 2022.
             Was a Follower of Dithmenos.
             Mangled by Terence
             ... wielding a +0 flail
              (9 damage)
             ... on level 2 of the Dungeon.
             The game lasted 00:03:17 (787 turns).

Lochraine the Digger (Gargoyle Earth Elementalist)   Turns: 787, Time: 00:03:17

Health: -6/19      AC:  6    Str: 11    XL:     3   Next: 37%
Magic:  2/6        EV: 11    Int: 17    God:    Dithmenos [*.....]
Gold:   25         SH:  0    Dex: 10    Spells: 6/7 levels left

rFire   . . .      SeeInvis .   (no weapon)
rCold   . . .      Faith    .   (no shield)
rNeg    + . .      Spirit   .   c - +0 leather armour
rPois   ∞          Reflect  .   (no helmet)
rElec   +          Harm     .   (no cloak)
rCorr   .          Rampage  .   (no gloves)
Will    .....                   (no boots)
Stlth   ++........              (no amulet)
HPRegen 0.06/turn               (no ring)
MPRegen 0.10/turn               (no ring)

@: wreathed by umbra
A: sickness immunity, AC +3, negative energy resistance 1, electricity
resistance, torment resistance 1, petrification resistance
a: Renounce Religion


You were on level 2 of the Dungeon.
You worshipped Dithmenos.
Dithmenos was aware of your devotion.
You visited 1 branch of the dungeon, and saw 2 of its levels.

You collected 25 gold pieces.

Inventory:

Armour
 a - a +0 robe
 c - a +0 leather armour (worn)
   (You found it on level 1 of the Dungeon)
 d - a +0 plate armour
   (You found it on level 1 of the Dungeon)
Scrolls
 b - a scroll of amnesia {unknown}
 f - a scroll of poison {unknown}
Potions
 e - a potion of curing {unknown}
 g - 2 potions of lignification {unknown}
 h - a potion of flight {unknown}


   Skills:
 - Level 1.5 Dodging
 - Level 2.1 Stealth
 + Level 2.5 Spellcasting
 + Level 1.5 Transmutations
 + Level 4.2 Earth Magic


You had 6 spell levels left.
You knew the following spells:

 Your Spells              Type           Power      Damage    Failure   Level
a - Sandblast             Erth           32%        2d9       4%          1

Your spell library contained the following spells:

 Spells                   Type           Power      Damage    Failure   Level
 Passwall                 Tmut/Erth      10%        N/A       11%         2
 Stone Arrow              Conj/Erth      18%        3d8       30%         3
 Petrify                  Tmut/Erth      12%        N/A       58%         4


Dungeon Overview and Level Annotations

Branches:
Dungeon (2/15) Zot: 11194

Altars:
Dithmenos

Shops:
D:1 *

Annotations:
D:2 Sigmund, Terence


Innate Abilities, Weirdness & Mutations

You are immune to sickness and miasma.
Your stone body is resilient. (AC +3)
You are immune to poison.
You resist negative energy. (rN+)
You are resistant to electric shocks. (rElec)
You are resistant to unholy torment.
You are immune to petrification.


Message History

The hobgoblin barely misses you.
Aim: a frilled lizard (70% to hit)
The blast of sand hits the hobgoblin!
You kill the hobgoblin!
Dithmenos accepts your kill.
Aim: a frilled lizard (umbra, 70% to hit)
The blast of sand hits the frilled lizard!
You kill the frilled lizard!
Dithmenos accepts your kill.
You can't see any susceptible monsters within range! (Use Z to cast anyway.)
You see here a hobgoblin corpse.
Found a scroll labelled MEMPOUDDUEQ.
A hobgoblin comes into view.
The hobgoblin shouts!
Found 6 stones.
Aim: a hobgoblin (82% to hit)
The blast of sand hits the hobgoblin.
Aim: a hobgoblin (almost dead, umbra, 82% to hit)
The blast of sand hits the hobgoblin.
You kill the hobgoblin!
Dithmenos accepts your kill.
You see here a hobgoblin corpse.
f - a scroll labelled MEMPOUDDUEQ Done exploring.
Done exploring.
(D) Dungeon
Where to? (? - help)
You see here a hobgoblin corpse.
There is a stone staircase leading down here.
You climb downwards.
Found 2 clear potions and a bubbling coppery potion.
There is a stone staircase leading up here.
g - 2 clear potions
h - a bubbling coppery potion Terence the Incautious comes into view.
He is wielding a +0 flail.
Sigmund the Dreaded comes into view.
He is wielding a +0 scythe.
Terence shouts!
Terence says, "Rest in peace."
Aim: Terence, wielding a +0 flail and wearing a +0 scale mail (84% to hit)
The blast of sand hits Terence but does no damage.
Aim: Terence, wielding a +0 flail and wearing a +0 scale mail (84% to hit)
The blast of sand misses Terence.
Terence hits you with a +0 flail.
Aim: Terence, wielding a +0 flail and wearing a +0 scale mail (umbra, 84% to hit)
The blast of sand hits Terence.
Terence hits you with a +0 flail!
* * * LOW HITPOINT WARNING * * *
Aim: Terence, wielding a +0 flail and wearing a +0 scale mail (lightly wounded, umbra, 84% to hit)
The blast of sand hits Terence.
Terence hits you with a +0 flail.
* * * LOW HITPOINT WARNING * * *
Terence hits you with a +0 flail!
You die...

#.....@ #.# #.@..
#.# #....#####.##
#...........#
#...######..#
..............#.#
#### .#######.#.#
#.#@#.#
#.#####.#@#.#
#.......#.#.#
#######...#.# ###
#.........#.#.....
..................
#.#######.#.######
#....<#.#
#.#.#.#.# ...#.#.#


You could see Terence.

Vanquished Creatures
  A gnoll (D:1)
  2 ball pythons (D:1)
  3 bats (D:1)
  An endoplasm (D:1)
  A giant cockroach (D:1)
  A goblin (D:1)
  4 hobgoblins (D:1)
  4 jackals (D:1)
  A quokka (D:1)
  A frilled lizard (D:1)
  3 kobolds (D:1)
22 creatures vanquished.

Notes
Turn   | Place    | Note
-------+----------+-------------------------------------------
     0 | D:1      | Lochraine the Gargoyle Earth Elementalist began the quest
                  | for the Orb.
     0 | D:1      | Reached XP level 1. HP: 10/10 MP: 3/3
    97 | D:1      | Reached skill level 1 in Transmutations
   161 | D:1      | Found a faded altar of an unknown god.
   183 | D:1      | Reached XP level 2. HP: 14/15 MP: 1/5
   189 | D:1      | Reached skill level 4 in Earth Magic
   255 | D:1      | Prayed at the altar of an unknown god.
   255 | D:1      | Became a worshipper of Dithmenos the Shadowed
   255 | D:1      | Reached * piety under Dithmenos
   394 | D:1      | Reached XP level 3. HP: 19/19 MP: 3/6
   516 | D:1      | Found Hostraz Nagiu's Assorted Antiques.
   772 | D:2      | Noticed Terence
   774 | D:2      | Noticed Sigmund
   787 | D:2      | Mangled by Terence

Illustrated notes

Levels and vault maps discovered:
D:1:      dpeg_arrival_ternary, layout_rooms,
          hellmonk_ecumenical_altar_arch_garden, serial_shops,
          nicolae_shop_crystal
D:2:      layout_basic, kennysheep_generic_room_8, uniq_sigmund, uniq_terence

Skill      XL: |  1  2 |
---------------+-------+-----
Transmutations | 1 |  1.5
Earth Magic    | 4 |  4.2
Dodging        | |  1.5
Stealth        | |  2.1
Spellcasting   | |  2.5

Action                   || total
-------------------------++-------
Melee: Unarmed           ||     2
 Cast: Sandblast         ||    36
  Use: Potion            ||     1
Armor: Leather armour    ||     4
Dodge: Dodged            ||    12
